 Dungeon Crawl Stone Soup version 0.20.0-10-g0535bb4 (webtiles) character file.

7147 anfisbena the Cleaver (level 11, 0/99 HPs)
             Began as a Hill Orc Fighter on June 3, 2017.
             Was a Follower of Uskayaw.
             Killed from afar by melvinkitnick's ghost (13 damage)
             ... with a spray of energy
             ... on level 9 of the Dungeon.
             The game lasted 00:13:36 (12302 turns).

anfisbena the Cleaver (Hill Orc Fighter)           Turns: 12302, Time: 00:13:37

Health: 0/99       AC: 18    Str: 20    XL:     11   Next: 10%
Magic:  11/11      EV:  5    Int:  8    God:    Uskayaw [*.....]
Gold:   514        SH: 11    Dex: 13    Spells: 10/10 levels left

rFire    . . .     SeeInvis .   a - +0 war axe
rCold    . . .     Gourm    .   c - +0 shield
rNeg     . . .     Faith    .   D - +0 plate armour
rPois    +         Spirit   .   t - +1 helmet
rElec    .         Reflect  .   d - +1 cloak {rPois}
rCorr    .         Harm     .   (no gloves)
MR       .....                  (no boots)
Stlth    ..........             (no amulet)
Regen    0.3/turn               (no ring)
MPRegen  0.2/turn               (no ring)

@: no status effects
A: no striking features
a: Stomp, Renounce Religion


You were on level 9 of the Dungeon.
You worshipped Uskayaw.
Uskayaw was noncommittal.
You were hungry.

You visited 2 branches of the dungeon, and saw 10 of its levels.

You collected 514 gold pieces.

Inventory:

Hand Weapons
 a - a +0 war axe (weapon)
Armour
 c - a +0 shield (worn)
 d - a +1 cloak of poison resistance (worn)
 t - a +1 helmet (worn)
 D - a +0 plate armour (worn)
Wands
 B - a wand of scattershot (3/9)
Scrolls
 e - 2 scrolls of enchant weapon {unknown}
 g - a scroll of vulnerability {unknown}
 i - 3 scrolls of teleportation
 l - 3 scrolls of remove curse
 q - a scroll of immolation {unknown}
 r - a scroll of identify
 x - a scroll of recharging {unknown}
 y - 3 scrolls of amnesia
 E - a scroll of magic mapping {unknown}
Potions
 h - a potion of brilliance {unknown}
 j - 2 potions of mutation
 k - a potion of heal wounds {unknown}
 p - a potion of resistance {unknown}
 A - 5 potions of flight
 C - a potion of invisibility
Books
 n - a book of Changes

   Spells                             Type                      Level
   a - Beastly Appendage              Transmutation                1
   b - Sticks to Snakes               Transmutation                2
   c - Spider Form                    Transmutation/Poison         3
   d - Ice Form                       Ice/Transmutation            4
   e - Blade Hands                    Transmutation                5
Comestibles
 f - 10 bread rations
 m - 6 royal jellies
 s - 2 meat rations
 u - a fruit


   Skills:
 - Level 10.0 Fighting
 + Level 13.7 Axes
 + Level 8.5 Armour
 + Level 8.7 Shields


You had 10 spell levels left.
You didn't know any spells.

Dungeon Overview and Level Annotations

Branches:
Dungeon (9/15)             Temple (1/1) D:7             Orc (0/2) D:9
   Lair: D:8-11

Altars:
Ashenzari
Cheibriados
Dithmenos
Elyvilon
Fedhas
Gozag
Hepliaklqana
Kikubaaqudgha
Makhleb
Nemelex Xobeh
Okawaru
Qazlal
Ru
Sif Muna
Trog
Uskayaw
Vehumet
Xom
Yredelemnul
Zin
The Shining One

Shops:
D:6 =

Annotations:
D:9 melvinkitnick's ghost, novice SpEn


Message History

Melvinkitnick's ghost is almost destroyed.
Melvinkitnick's ghost casts a spell.
Nothing appears to happen.
You completely miss melvinkitnick's ghost.
Melvinkitnick's ghost is almost destroyed.
You are feeling hungry.
Melvinkitnick's ghost hits you.
* * * LOW HITPOINT WARNING * * *
You miss melvinkitnick's ghost.
Melvinkitnick's ghost is almost destroyed.
Melvinkitnick's ghost hits you.
* * * LOW HITPOINT WARNING * * *
You miss melvinkitnick's ghost.
Melvinkitnick's ghost is almost destroyed.
Your magical contamination has completely faded away.
You completely miss melvinkitnick's ghost.
Melvinkitnick's ghost is almost destroyed.
Melvinkitnick's ghost gestures at you while chanting.
The spray of energy hits you!
You die...

.. !. ### #.# #. ..# #.# #.# ###
..# #.# #.# ....
..####.###.#+######## ....<
................@...####......
.......#.........W.!...'......
..###..'....[.รท........#........
..............).................
####..##......))..#.###........
##.#####'#.#....#..###..##'# #..#
#.#.....###..###....# ##.##
..#....## ##..##....# #..#
#.#....## ##....##.#


You could see melvinkitnick's ghost.

Vanquished Creatures
  A two-headed ogre (D:8)
  A tengu warrior (D:9)
  The ghost of Sayou the Archer, a novice MiHu of Uskayaw (D:8)
  A wyvern (D:9)
  A yak (D:8)
  A human (D:8)
  3 hogs (D:8)
  Grum (D:8)
  Duvessa (D:6)
  A water moccasin (D:4)
  A black bear (D:7)
  2 phantoms
  An orc warrior (D:6)
  A sky beast (D:7)
  2 ice beasts
  3 ogres
  3 wolves (D:8)
  2 centaurs
  3 bullfrogs
  A wyvern zombie (D:7)
  2 gnoll sergeants (D:6)
  Dowan (D:6)
  10 killer bees
  13 wights
  5 howler monkeys
  3 crimson imps
  A bullfrog zombie (D:7)
  A quasit (D:6)
  A jelly (D:6)
  4 orc priests
  Crazy Yiuf (D:2)
  A bullfrog skeleton (D:4)
  4 hounds
  4 orc wizards
  2 iguanas
  Natasha (thrice) (D:2)
  6 worker ants
  A hound skeleton (D:8)
  A howler monkey zombie (D:8)
  A worker ant zombie (D:6)
  Robin (D:3)
  11 gnolls
  14 adders
  2 shadow imps
  2 oozes (D:1)
  2 worms
  A dart slug (D:1)
  4 leopard geckos
  15 orcs
  3 ball pythons
  4 giant cockroaches
  22 goblins
  9 hobgoblins
  7 jackals
  3 quokkas
  7 bats
  6 frilled lizards
  A jackal zombie (D:7)
  13 kobolds
  A leopard gecko zombie (D:6)
  A quokka skeleton (D:9)
  6 rats
231 creatures vanquished.

Notes
Turn   | Place    | Note
-------+----------+-------------------------------------------
     0 | D:1      | anfisbena the Hill Orc Fighter began the quest for the Orb.
     0 | D:1      | Reached XP level 1. HP: 19/19 MP: 1/1
    15 | D:1      | Reached skill level 3 in Axes
    20 | D:1      | Reached XP level 2. HP: 24/27 MP: 2/2
   333 | D:1      | Reached XP level 3. HP: 34/34 MP: 3/3
   783 | D:1      | Reached skill level 4 in Axes
   987 | D:2      | Found a basalt altar of Yredelemnul.
  1220 | D:2      | Found a runed door.
  1268 | D:2      | Reached XP level 4. HP: 41/41 MP: 4/4
  1569 | D:2      | Noticed Natasha
  1590 | D:2      | Killed Natasha
  1590 | D:2      | Reached skill level 5 in Fighting
  1590 | D:2      | Reached skill level 5 in Axes
  1590 | D:2      | Reached XP level 5. HP: 8/48 MP: 5/5
  1596 | D:2      | Noticed Natasha
  1604 | D:2      | Killed Natasha
  1952 | D:2      | Noticed Crazy Yiuf
  1957 | D:2      | Killed Crazy Yiuf
  2117 | D:2      | Found a basalt altar of Yredelemnul.
  2468 | D:2      | Noticed Natasha
  2473 | D:2      | Killed Natasha
  2585 | D:3      | Reached skill level 6 in Axes
  2713 | D:3      | Found a faded altar of an unknown god.
  2835 | D:3      | Reached XP level 6. HP: 51/57 MP: 6/6
  3014 | D:3      | Noticed Robin
  3027 | D:3      | Killed Robin
  3951 | D:4      | Noticed a water moccasin
  3968 | D:4      | Killed a water moccasin
  4130 | D:4      | Reached skill level 7 in Axes
  4130 | D:4      | Reached XP level 7. HP: 64/64 MP: 7/7
  4689 | D:4      | Reached skill level 8 in Axes
  5031 | D:5      | Entered Level 5 of the Dungeon
  5446 | D:5      | Reached XP level 8. HP: 45/74 MP: 8/8
  5775 | D:5      | Reached skill level 9 in Axes
  5976 | D:6      | Found Duaseg's Jewellery Emporium.
  6062 | D:6      | Noticed Duvessa
  6062 | D:6      | Noticed Dowan
  6070 | D:6      | Killed Duvessa
  6086 | D:6      | Killed Dowan
  6199 | D:6      | Reached skill level 10 in Axes
  6968 | D:6      | Reached XP level 9. HP: 79/85 MP: 9/9
  7010 | D:6      | Reached skill level 10 in Fighting
  7841 | D:6      | Reached skill level 11 in Axes
  8016 | D:7      | Found a staircase to the Ecumenical Temple.
  8647 | D:8      | Found a burning altar of Makhleb.
  8650 | D:8      | Reached skill level 5 in Armour
  8650 | D:8      | Reached skill level 5 in Shields
  8697 | D:8      | Found a snail-covered altar of Cheibriados.
  8760 | D:8      | Noticed Grum
  8790 | D:8      | Reached skill level 12 in Axes
  8793 | D:8      | HP: 1/85 [wolf[Grum] (6)]
  8818 | D:8      | HP: 1/85 [wolf[Grum] (5)]
  9498 | D:9      | Got a pitted helmet
  9509 | D:9      | Identified the cursed -3 helmet "Karuz" {SInv} (You found it on level 9 of the Dungeon)
  9558 | D:9      | Noticed a tengu warrior
  9580 | D:9      | Reached XP level 10. HP: 21/93 MP: 10/10
  9581 | D:9      | Killed a tengu warrior
  9929 | D:8      | Killed Grum
 10095 | D:8      | Noticed Sayou's ghost (novice MiHu)
 10600 | Temple   | Entered the Ecumenical Temple
 10719 | Temple   | Became a worshipper of Uskayaw the Reveler
 10822 | D:8      | Reached * piety under Uskayaw
 10827 | D:8      | Reached ** piety under Uskayaw
 11379 | D:8      | Reached *** piety under Uskayaw
 11382 | D:8      | Reached **** piety under Uskayaw
 11384 | D:8      | Reached skill level 13 in Axes
 11468 | D:8      | Killed Sayou's ghost
 11485 | D:8      | Noticed a two-headed ogre
 11496 | D:8      | Killed a two-headed ogre
 11496 | D:8      | Reached XP level 11. HP: 33/99 MP: 11/11
 11822 | D:8      | Found a bloodstained altar of Trog.
 12083 | D:9      | Found a staircase to the Orcish Mines.
 12118 | D:9      | Found a glowing golden altar of the Shining One.
 12125 | D:9      | Noticed melvinkitnick's ghost (novice SpEn)
 12302 | D:9      | Killed from afar by melvinkitnick's ghost

Skill      XL: |  1  2  3  4  5  6  7  8  9 10 |
---------------+-------------------------------+-----
Axes           | 3 4 5 6 7 8 10 12 13 | 13.7
Fighting       | 4 5 6 8 9 10 | 10.0
Armour         | 5 8 |  8.5
Shields        | 6 8 |  8.7

Action                   |  1- 3 |  4- 6 |  7- 9 | 10-12 || total
-------------------------+-------+-------+-------+-------++-------
Melee: War axe           |   109 |   171 |   446 |   313 ||  1039
  Use: Potion            |       |     1 |     2 |     3 ||     6
       Scroll            |       |       |    10 |       ||    10
 Stab: Paralysed         |       |       |       |    14 ||    14
  Eat: Chunk             |     1 |     8 |    13 |     7 ||    29
       Royal jelly       |       |     1 |     2 |     1 ||     4
Armor: Scale mail        |    51 |    96 |   132 |       ||   279
       Plate armour      |       |       |   147 |   148 ||   295
Dodge: Dodged            |    42 |    70 |    95 |    41 ||   248
Block: Shield            |    55 |   123 |   244 |   113 ||   535
